 Dungeon Crawl Stone Soup version 0.29.1-1-gd02db6906a (webtiles) character file.

Game seed: 13550215270737882732

105850 smilodon the Bludgeoner (level 15, -13/136 (141) HPs)
             Began as a Minotaur Fighter on Sept 16, 2022.
             Was an Initiate of Gozag.
             Killed from afar by a will-o-the-wisp (15 damage)
             ... with a foxfire
             ... on level 2 of the Swamp on Sept 17, 2022.
             The game lasted 01:09:33 (33110 turns).

smilodon the Bludgeoner (Minotaur Fighter)         Turns: 33110, Time: 01:09:36

HP:   -13/136 (141) AC: 21    Str: 32    XL:     15   Next: 95%
MP:   14/14         EV: 32    Int:  5    God:    Gozag
Gold: 6302          SH:  9    Dex: 12    Spells: 14/14 levels left

rFire   . . .      SeeInvis .   U - +1 morningstar (elec)
rCold   . . .      Faith    .   c - +1 buckler
rNeg    . . .      Spirit   .   b - +0 swamp dragon scales
rPois   +          Reflect  .   (helmet restricted)
rElec   .          Harm     .   o - +2 cloak {Will+}
rCorr   .          Rampage  .   x - +0 pair of gloves
Will    ++...                   J - +0 pair of boots
Stlth   +.........              j - amulet of the acrobat
HPRegen 0.32/turn               H - +6 ring of strength
MPRegen 0.14/turn               k - +4 ring of slaying

@: acrobatic, lightly drained, very slow
A: horns 2, retaliatory headbutt, iridescent scales 1
a: Renounce Religion, Potion Petition, Call Merchant, Bribe Branch


You were on level 2 of the Swamp.
You worshipped Gozag.
Gozag was greatly pleased with you.
You visited 5 branches of the dungeon, and saw 25 of its levels.
You also visited: Sewer, Bailey and Volcano.

You collected 8184 gold pieces.
You spent 1321 gold pieces at shops.
You paid 561 gold pieces to Gozag.

Inventory:

Hand Weapons
 D - a +3 flail of holy wrath
 U - a +1 morningstar of electrocution (weapon)
Missiles
 B - 30 boomerangs (quivered)
 I - 2 throwing nets
Armour
 b - +0 swamp dragon scales (worn)
 c - a +1 buckler (worn)
 o - a +2 cloak of willpower (worn)
 x - a +0 pair of gloves (worn)
 J - a +0 pair of boots (worn)
Jewellery
 f - a ring of protection from fire
 j - an amulet of the acrobat (around neck)
 k - a +4 ring of slaying (right hand)
 t - a ring of ice
 F - a ring of see invisible
 H - a +6 ring of strength (left hand)
 Q - a ring of fire
 S - a ring of positive energy
 W - a ring of protection from cold
Wands
 d - a wand of flame (15)
 g - a wand of digging (10)
 l - a wand of acid (6)
 n - a wand of paralysis (36)
 O - a wand of iceblast (8)
 X - a wand of mindburst (8)
 Y - a wand of polymorph (12)
Scrolls
 e - 4 scrolls of enchant armour
 i - 7 scrolls of amnesia
 m - 6 scrolls of fog
 p - 9 scrolls of fear
 s - 3 scrolls of poison
 z - 10 scrolls of teleportation
 C - 4 scrolls of magic mapping
 G - 4 scrolls of blinking
 K - 7 scrolls of identify
 L - 2 scrolls of silence
 Z - 4 scrolls of immolation
Potions
 a - a potion of cancellation
 h - 5 potions of ambrosia
 q - 14 potions of curing
 r - 3 potions of magic
 u - 6 potions of brilliance
 v - 6 potions of haste
 y - a potion of invisibility
 A - 3 potions of heal wounds
 E - 3 potions of flight
 R - 3 potions of resistance
 T - 4 potions of might
Miscellaneous
 w - a phial of floods
 M - a phantom mirror
 P - a lightning rod (4/4)


   Skills:
 + Level 15.5 Fighting
 - Level 16.0 Maces & Flails
 * Level 15.6 Armour
 * Level 15.1 Dodging
 * Level 15.6 Shields
 + Level 0.7 Evocations


You had 14 spell levels left.
You didn't know any spells.
Your spell library contained the following spells:

 Spells                   Type           Power      Damage    Failure   Level
 Foxfire                  Conj/Fire      0%         2x1d4     58%         1
 Necrotise                Necr           0%         1d4       58%         1
 Sandblast                Erth           0%         2d4       58%         1
 Passwall                 Tmut/Erth      0%         N/A       75%         2
 Static Discharge         Conj/Air       0%         3-3/arc   75%         2
 Conjure Flame            Conj/Fire      0%         6-21      92%         3
 Gell's Gravitas          Tloc           0%         N/A       92%         3
 Ignite Poison            Fire/Tmut/Pois 0%         N/A       92%         3
 Inner Flame              Hex/Fire       0%         N/A       92%         3
 Lesser Beckoning         Tloc           0%         N/A       92%         3
 Stone Arrow              Conj/Erth      0%         3d7       92%         3
 Teleport Other           Tloc           0%         N/A       92%         3
 Tukima's Dance           Hex            0%         N/A       92%         3
 Vampiric Draining        Necr           0%         2d6       92%         3
 Dispel Undead            Necr           0%         3d6       100%        4
 Flame Wave               Conj/Fire      0%         2d4       100%        4
 Leda's Liquefaction      Hex/Erth       0%         N/A       100%        4
 Passage of Golubria      Tloc           0%         N/A       100%        4
 Petrify                  Tmut/Erth      0%         N/A       100%        4
 Sticky Flame             Conj/Fire      0%         2d3       100%        4
 Agony                    Necr           0%         N/A       100%        5
 Blade Hands              Tmut           0%         N/A       100%        5
 Irradiate                Conj/Tmut      0%         3d11      100%        5
 Lee's Rapid Deconstruct  Erth           0%         3d5*      100%        5
 Metabolic Englaciation   Hex/Ice        0%         N/A       100%        5
 Yara's Violent Unravell  Hex/Tmut       0%         3d3       100%        5
 Conjure Ball Lightning   Conj/Air       0%         3x3d6     100%        6
 Statue Form              Tmut/Erth      0%         N/A       100%        6
 Discord                  Hex            0%         N/A       100%        8
 Disjunction              Tloc           0%         N/A       100%        8


Dungeon Overview and Level Annotations

Branches:
Dungeon (15/15)            Temple (1/1) D:4            Lair (5/5) D:8
  Swamp (2/4) Lair:2        Snake (0/4) Lair:2        Slime (0/5) Lair:4
    Orc (2/2) D:12            Elf (0/3) Orc:2        Vaults (0/5) D:13
 Depths (0/4) D:15          Sewer (visited)          Bailey (visited)
Volcano (visited)

Altars:
Ashenzari
Fedhas
Gozag
Hepliaklqana
Nemelex Xobeh
Qazlal
Ru
Uskayaw
Yredelemnul
Zin
The Shining One
Jiyva

Shops:
D:5 *   D:8 *   Orc:2 [*!!

Portals:
Trove: D:13 (give 4 potions of resistance)

Annotations:
D:4 3 runed translucent doors, Chadd's ghost, amateur MiBe
Lair:4 exclusion: oklob plant
Swamp:2 3 runed translucent doors, Vudadgh's ghost, adept HuWr


Innate Abilities, Weirdness & Mutations

You have a pair of horns on your head.
You reflexively headbutt those who attack you in melee.
You are partially covered in iridescent scales. (AC +2)


Message History

You are engulfed in a cloud of scalding steam.
You block the will-o-the-wisp's attack.
You closely miss the will-o-the-wisp. You headbutt the will-o-the-wisp!
The will-o-the-wisp is moderately damaged.
You are engulfed in a cloud of scalding steam.
The will-o-the-wisp gestures.
The will-o-the-wisp conjures some foxfire! 2 foxfires come into view.
You sock the will-o-the-wisp!
The will-o-the-wisp is heavily damaged.
The foxfire hits you! The foxfire hits you.
Your unstable footing causes you to fumble your attack.
You are engulfed in a cloud of scalding steam.
The will-o-the-wisp engulfs you but does no damage.
You barely miss the will-o-the-wisp.
The will-o-the-wisp is heavily damaged.
The will-o-the-wisp gestures.
The will-o-the-wisp conjures some foxfire! 2 foxfires come into view.
You bludgeon the will-o-the-wisp!!
Your headbutt misses the will-o-the-wisp.
The will-o-the-wisp is almost destroyed.
The foxfire hits you! x2
You closely miss the will-o-the-wisp.
The will-o-the-wisp is almost destroyed.
You are engulfed in a cloud of scalding steam.
The will-o-the-wisp blinks!
The will-o-the-wisp gestures.
The will-o-the-wisp conjures some foxfire!
The will-o-the-wisp gestures.
The will-o-the-wisp conjures some foxfire! 4 foxfires come into view.
You are engulfed in a cloud of scalding steam.
The foxfire hits you!! The foxfire hits you!
* * * LOW HITPOINT WARNING * * *
The foxfire hits you!!
* * * LOW HITPOINT WARNING * * *
The foxfire hits you!
You die...
Your body crumbles into a pile of gold.

♣♣♣♣♣♣..♣ ♣♣♣♣♣♣
♣.....~♣♣ ♣♣♣§..~♣♣♣♣
[....~~♣ ♣§v§~~~§...
♣♣♣.~~~♣ ♣§§§~~~~~~~
♣♣.~~~♣♣ ♣♣§§§~~~~~~~
♣~~~~~~♣♣ ♣~§§§§~§~~~~
♣~..~~~~♣ ♣~~§§~~§~~~~
♣♣♣~~~~♣♣ ♣♣~~§v§~~~~§~
~~§~~.. ♣♣♣~♣♣
♣§~~~@~~~~~~~ ~~~~~~. ♣♣
♣~.♣♣ ♣♣~~§~§~~~~~~
~~~~~~. .♣♣♣~♣♣♣♣♣
♣♣...§~~.~~~ ...§~~.
~..§♣♣§~~♣♣♣♣♣.......~~~
.~~~~..
...~.....>.♣♣..~§~...~~~
<~~~§~~
...~~.~~~....~~~~~.♣♣~§~
~~~~~~○
#..~~.~~.~.....~~~.♣ ♣~.
~~~~~§°
#....~~§~~..♣♣..~.♣♣ ♣♣
~~~~~~○
#.....~..~~~.♣~...♣♣
.~~~.~♣


You could see a will-o-the-wisp.

Vanquished Creatures
  Rupert (D:13)
  Agnes (D:14)
  Roxanne (D:14)
  3 orc warlords (Orc:2)
  Nessos (D:15)
  Snorg (D:12)
  2 ettins
  A fire dragon (D:15)
  Erolcha (D:9)
  7 hydras
  3 boulder beetles
  3 catoblepae (Lair:5)
  6 centaur warriors
  An alligator (Swamp:1)
  10 two-headed ogres
  2 dancing weapons (D:13)
  A tengu warrior (D:14)
  5 death yaks (Lair:5)
  5 orc high priests (Orc:2)
  A necromancer (D:15)
  Pikel (D:6)
  A wizard (D:15)
  A deep elf zephyrmancer (D:15)
  3 orc knights (Orc:2)
  5 orc sorcerers
  6 cyclopes
  A will-o-the-wisp (Swamp:2)
  12 elephants
  2 manticores (Lair:5)
  17 ugly things
  A guardian serpent (Lair:2)
  Joseph (D:7)
  A centaur zombie (D:15)
  A torpor snail (Lair:2)
  5 black mambas
  5 cane toads
  7 gargoyles
  A molten gargoyle (Volcano)
  3 orange demons (D:14)
  3 unseen horrors
  5 komodo dragons
  3 rime drakes
  Maggie (Lair:1)
  2 centaur skeletons (D:15)
  3 kobold demonologists (D:11)
  2 tengu conjurers
  3 polar bears
  A freezing wraith (D:10)
  3 meliai (D:13)
  3 trolls
  3 red devils (D:14)
  3 hornets
  Grinder (D:3)
  7 slime creatures
  7 blink frogs
  6 tyrant leeches
  2 dream sheep
  2 centaur simulacra
  A shadow (D:10)
  2 water elementals (D:15)
  A culicivora (shapeshifter) (D:14)
  9 wyverns
  A wraith (D:6)
  73 yaks
  2 fire elementals (Volcano)
  5 basilisks
  A vampire (Bailey)
  3 steam dragons
  Grum (D:8)
  Menkaure (D:7)
  Edmund (D:4)
  3 swamp worms (Swamp:2)
  2 wargs (Orc:2)
  14 water moccasins
  4 acid dragons
  Duvessa (D:7)
  Pargi (Sewer)
  39 orc warriors
  A sky beast (D:6)
  5 ice beasts
  7 black bears
  14 ogres
  15 wolves
  6 centaurs
  2 phantoms
  3 kobold brigands
  Blork the orc (D:4)
  11 bullfrogs
  3 necrophages
  4 scorpions
  A gnoll sergeant (D:9)
  16 wights
  3 killer bees (D:10)
  Dowan (D:7)
  7 vampire bats (Bailey)
  3 electric eels
  7 wolf zombies (Bailey)
  3 howler monkeys
  5 jellies
  8 hounds
  27 orc priests
  A gnoll bouda (D:7)
  Jessica (D:3)
  12 iguanas
  Terence (D:3)
  16 orc wizards
  A boggart simulacrum (D:15)
  37 gnolls
  9 adders
  7 white imps
  3 ufetubi
  5 worms
  5 dart slugs
  125 orcs
  8 ball pythons
  9 endoplasms
  6 giant cockroaches
  11 goblins
  10 hobgoblins
  14 jackals (D:3)
  7 quokkas
  2 bats
  9 frilled lizards
  17 kobolds
  15 orc zombies (Bailey)
  7 rats
846 creatures vanquished.

Vanquished Creatures (others)
  An alligator (Swamp:1)
  A spriggan druid (Swamp:2)
  A bloated husk (Swamp:1)
  A yak (Lair:5)
  A wolf (D:15)
  13 foxfires (Swamp:2)
  19 fungi
  44 plants
81 creatures vanquished.

Grand Total: 927 creatures vanquished

Notes
Turn   | Place    | Note
-------+----------+-------------------------------------------
     0 | D:1      | smilodon the Minotaur Fighter began the quest for the Orb.
     0 | D:1      | Reached XP level 1. HP: 19/19 MP: 0/0
   326 | D:1      | Found a faded altar of an unknown god.
   330 | D:1      | Reached XP level 2. HP: 27/27 MP: 1/1
   469 | D:1      | Reached skill level 3 in Maces & Flails
   570 | D:1      | Reached skill level 1 in Dodging
   728 | D:1      | Reached XP level 3. HP: 33/33 MP: 2/2
  1633 | D:2      | Reached skill level 4 in Maces & Flails
  1633 | D:2      | Reached XP level 4. HP: 21/40 MP: 3/3
  2203 | D:2      | Gained mutation: You are partially covered in iridescent
                  | scales. (AC +2) [potion of mutation]
  2299 | D:3      | Reached XP level 5. HP: 38/46 MP: 4/4
  2542 | D:3      | Noticed Jessica
  2558 | D:3      | Killed Jessica
  2559 | D:3      | Reached skill level 5 in Maces & Flails
  2612 | D:3      | Found a glowing drain.
  2621 | Sewer    | Entered a sewer
  2720 | Sewer    | Noticed Pargi
  2725 | Sewer    | Killed Pargi
  2726 | Sewer    | Reached XP level 6. HP: 50/52 MP: 5/5
  2805 | D:3      | Noticed Terence
  2830 | D:3      | Killed Terence
  2904 | D:3      | Reached skill level 6 in Maces & Flails
  2923 | D:3      | Reached skill level 5 in Dodging
  2953 | D:3      | Noticed Grinder
  2954 | D:3      | Paralysed by Grinder for 4 turns
  2964 | D:3      | Killed Grinder
  2965 | D:3      | Reached skill level 7 in Maces & Flails
  2965 | D:3      | Reached XP level 7. HP: 57/58 MP: 6/6
  3010 | D:3      | Found a basalt altar of Yredelemnul.
  4039 | D:3      | Reached XP level 8. HP: 66/66 MP: 7/7
  4241 | D:4      | Noticed Edmund
  4259 | D:4      | Killed Edmund
  4462 | D:4      | Reached skill level 8 in Maces & Flails
  4550 | D:4      | Found a staircase to the Ecumenical Temple.
  4566 | Temple   | Entered the Ecumenical Temple
  4572 | Temple   | Became a worshipper of Gozag Ym Sagoz the Greedy
  4704 | D:4      | Reached skill level 5 in Fighting
  4704 | D:4      | Reached skill level 5 in Armour
  4704 | D:4      | Reached skill level 5 in Shields
  4962 | D:4      | Found a runed translucent gate.
  4963 | D:4      | Found a runed translucent gate.
  4963 | D:4      | Noticed Chadd's ghost (amateur MiBe)
  4964 | D:4      | Found a runed translucent gate.
  5073 | D:4      | Noticed Blork the orc
  5083 | D:4      | Killed Blork the orc
  5344 | D:5      | Entered Level 5 of the Dungeon
  5549 | D:5      | Reached XP level 9. HP: 75/75 MP: 8/8
  5703 | D:5      | Found Zin's Purification Station.
  5706 | D:5      | Found a glowing silver altar of Zin.
  5915 | D:5      | Reached skill level 9 in Maces & Flails
  6625 | D:6      | Noticed Pikel
  6639 | D:6      | Killed Pikel
  6900 | D:6      | Noticed a cyclops
  6915 | D:6      | Killed a cyclops
  6951 | D:6      | Reached XP level 10. HP: 68/86 MP: 9/9
  7042 | D:6      | Identified the +5 sling of Lishreimn {speed, Int+3}
  7071 | D:6      | Reached skill level 10 in Maces & Flails
  7280 | D:7      | Noticed Joseph
  7286 | D:7      | Killed Joseph
  7737 | D:7      | Noticed Duvessa
  7737 | D:7      | Noticed Dowan
  7740 | D:7      | Killed Dowan
  7750 | D:7      | Killed Duvessa
  7841 | D:7      | Noticed Menkaure
  7849 | D:7      | Killed Menkaure
  8032 | D:8      | Found a stormy altar of Qazlal.
  8037 | D:8      | Found Nocostro's Needful Niceties.
  8618 | D:8      | Found a staircase to the Lair.
  8655 | D:8      | Reached XP level 11. HP: 83/95 MP: 10/10
  8718 | D:8      | Reached skill level 11 in Maces & Flails
  8728 | Lair:1   | Entered Level 1 of the Lair of Beasts
  9010 | Lair:1   | Noticed Maggie
  9035 | Lair:1   | Reached skill level 10 in Dodging
  9052 | Lair:1   | Killed Maggie
  9556 | Lair:2   | Found a staircase to the Snake Pit.
 10145 | D:8      | Noticed Grum
 10157 | D:8      | Killed Grum
 10927 | D:9      | Reached skill level 10 in Armour
 11072 | D:9      | Reached skill level 10 in Shields
 11181 | D:9      | Reached skill level 10 in Fighting
 11217 | D:9      | Noticed Erolcha
 11225 | D:9      | Killed Erolcha
 11393 | D:9      | Reached skill level 12 in Maces & Flails
 11429 | D:9      | Found a sparkling altar of Nemelex Xobeh.
 11636 | D:9      | Reached XP level 12. HP: 103/106 MP: 11/11
 12170 | D:10     | Entered Level 10 of the Dungeon
 12231 | D:10     | Found a flagged portal.
 12246 | Bailey   | Entered a bailey
 12456 | Bailey   | Identified the +0 cloak "Hoxt" {-Tele rN+ Will+ Str+3}
 12785 | D:10     | Noticed a two-headed ogre
 12800 | D:10     | Killed a two-headed ogre
 13167 | D:10     | Noticed a boulder beetle
 13185 | D:10     | Killed a boulder beetle
 13319 | D:10     | Noticed a two-headed ogre
 13325 | D:10     | Killed a two-headed ogre
 13963 | D:11     | Noticed a two-headed ogre
 13971 | D:11     | Killed a two-headed ogre
 14018 | D:11     | Reached skill level 13 in Maces & Flails
 14299 | D:12     | Found a staircase to the Orcish Mines.
 14835 | D:12     | Noticed a seven-headed hydra
 14841 | D:12     | Killed a seven-headed hydra
 15046 | D:12     | Reached XP level 13. HP: 38/117 MP: 12/12
 15688 | D:12     | You fall into a shaft and drop 1 floor!
 15708 | D:13     | Noticed Rupert
 15715 | D:13     | Paralysed by Rupert for 3 turns
 15727 | D:13     | Killed Rupert
 16091 | D:13     | Found a gate to the Vaults.
 16377 | D:13     | Found a portal to a secret trove of treasure.
 17036 | D:12     | Noticed Snorg
 17430 | D:12     | Killed Snorg
 18555 | D:14     | Reached skill level 14 in Maces & Flails
 19261 | D:14     | Identified Roxanne's Writings on Metamorphosis
 19261 | D:14     | Noticed Roxanne
 19308 | D:14     | HP: 1/119 [Roxanne/iron shot (47)]
 19317 | D:14     | Killed Roxanne
 19840 | D:14     | Noticed Agnes
 19857 | D:14     | Killed Agnes
 20277 | D:15     | Entered Level 15 of the Dungeon
 20320 | D:15     | Noticed Nessos
 20576 | Lair:2   | Reached XP level 14. HP: 114/129 MP: 13/13
 21299 | Lair:2   | Found a staircase to the Swamp.
 22420 | Lair:3   | Found a dark tunnel.
 22429 | Volcano  | Entered a volcano
 23284 | Lair:3   | Found a stormy altar of Qazlal.
 24281 | Lair:4   | Reached skill level 15 in Maces & Flails
 24704 | Lair:4   | Found a viscous altar of Jiyva.
 24704 | Lair:4   | Found a staircase to the Slime Pits.
 25401 | Lair:4   | Found a blossoming altar of Fedhas.
 25779 | Lair:5   | Entered Level 5 of the Lair of Beasts
 26581 | Lair:5   | Reached XP level 15. HP: 124/138 MP: 14/14
 27107 | Orc:1    | Entered Level 1 of the Orcish Mines
 27543 | Orc:2    | Entered Level 2 of the Orcish Mines
 28137 | Orc:2    | Found Ejiduop's Distillery.
 28146 | Orc:2    | Bought a potion of cancellation for 96 gold pieces
 28146 | Orc:2    | Bought a potion of invisibility for 96 gold pieces
 28146 | Orc:2    | Bought a potion of haste for 120 gold pieces
 28146 | Orc:2    | Bought a potion of berserk rage for 60 gold pieces
 28146 | Orc:2    | Bought a potion of curing for 36 gold pieces
 28146 | Orc:2    | Bought a potion of might for 48 gold pieces
 28146 | Orc:2    | Bought a potion of might for 48 gold pieces
 28146 | Orc:2    | Bought a potion of curing for 36 gold pieces
 28208 | Orc:2    | Found Jytt's Distillery.
 28343 | Orc:2    | Bought a potion of curing for 45 gold pieces
 28343 | Orc:2    | Bought a potion of haste for 150 gold pieces
 28841 | Orc:2    | Noticed an orc warlord
 28845 | Orc:2    | Killed an orc warlord
 28868 | Orc:2    | Noticed an orc warlord
 28880 | Orc:2    | Killed an orc warlord
 29146 | Orc:2    | Found a staircase to the Elven Halls.
 29225 | Orc:2    | Reached skill level 16 in Maces & Flails
 29402 | Orc:2    | Noticed an orc warlord
 29418 | Orc:2    | Killed an orc warlord
 29541 | Orc:2    | Found Qodghox's Assorted Antiques.
 29548 | Orc:2    | Reached skill level 15 in Armour
 29653 | Orc:2    | Bought an embroidered cloak for 150 gold pieces
 29653 | Orc:2    | Bought a small agate ring for 100 gold pieces
 29653 | Orc:2    | Bought a scroll of fear for 80 gold pieces
 29697 | Orc:2    | Found Simus's Antique Armour Shop.
 29705 | Orc:2    | Reached skill level 15 in Fighting
 29721 | Orc:2    | Reached skill level 15 in Shields
 29733 | Orc:2    | Bought a jacinth-encrusted chain mail for 256 gold pieces
 29733 | Orc:2    | Identified the +1 chain mail "Boluosur" {rC+ Str-3 Dex+5}
                  | (You bought it in a shop on level 2 of the Orcish Mines)
 30672 | D:15     | Killed Nessos
 31148 | D:15     | Reached skill level 15 in Dodging
 31154 | D:15     | Identified the +1 chain mail of Namuh {Regen+}
 31339 | D:15     | Found a staircase to the Depths.
 32217 | Swamp:1  | Entered Level 1 of the Swamp
 32241 | Swamp:1  | You fall into a shaft and drop 1 floor!
 32705 | Swamp:2  | Found a runed translucent gate.
 32705 | Swamp:2  | Found a runed translucent gate.
 32705 | Swamp:2  | Found a runed translucent gate.
 32705 | Swamp:2  | Noticed a fenstrider witch
 32706 | Swamp:2  | Noticed Vudadgh's ghost (adept HuWr)
 33110 | Swamp:2  | HP: 2/136 [will-o-the-wisp/foxfire (28)]
 33110 | Swamp:2  | Killed from afar by a will-o-the-wisp

Illustrated notes

Levels and vault maps discovered:
D:1:      amcnicky_arrival_double_pillar, layout_basic,
          hellmonk_ecumenical_altar_lost_god
D:2:      layout_basic, amcnicky_mini_corridor_feature
D:3:      lemuel_castle_with_subvaults [lemuel_castle_interior_carwin_2],
          layout_loops_ring, mainiacjoe_overflow_small_starburst,
          cheibrodos_sewer_entry_drain, minmay_starry_boxes, uniq_jessica,
          uniq_terence, uniq_grinder
D:4:      layout_gridville, minmay_temple_entry_mini_moons,
          gammafunk_ghost_nasty_kobolds, uniq_edmund, uniq_blork_the_orc
D:5:      layout_cave_pods, zin_purify
D:6:      minmay_opposing_rooms, layout_gridville, minmay_statues_item,
          uniq_pikel
D:7:      layout_basic, uniq_duvessa, uniq_menkaure, uniq_joseph
D:8:      layout_gridville, nicolae_qazlal_style_of_elements,
          minmay_lair_entry_grove, nicolae_alphabet_shops, minmay_lizard_king,
          uniq_grum
D:9:      layout_loops_ring, nemelex_diamond_rough_becter, roderic_lattice_a,
          uniq_erolcha
D:10:     layout_big_octagon, enter_bailey_7, kb_rosetta
D:11:     layout_basic
D:12:     layout_stronghold, hiddenorc2_lemuel, minmay_fountain_box, uniq_snorg
D:13:     layout_irregular_city, erik_vaults_1, nicolae_trove_entry_crystal,
          uniq_rupert
D:14:     layout_rooms, serial_bayou_pond_a, minmay_beelzebubs_servants,
          uniq_agnes, uniq_roxanne
D:15:     grunt_enter_depths_magical_seal, layout_loops_ring, serial_ice,
          serial_ice_l, serial_ice_e, serial_ice_o, serial_ice_f, serial_ice_c,
          serial_ice_h, uniq_nessos
Temple:   nicolae_temple_bog_church
Lair:1:   layout_misc_corridors, grunt_megastairs_1, lemuel_fruit_fields,
          uniq_maggie
Lair:2:   layout_cave_pods, minmay_swamp_entry_worms,
          minmay_snake_entry_spellcaster
Lair:3:   layout_regular_city, basic_altar, enter_volcano_4
Lair:4:   layout_cave_pods, minmay_slime_entry_pillars, tgw_fedhas,
          serial_bayou_shore_a
Lair:5:   evilmike_catoblepas_cave, layout_hall_layers, dpeg_stationary_puzzle
Swamp:1:  layout_basic_swamp, serial_swamp_ruin, evilmike_swamp_ruin_house_3,
          evilmike_swamp_ruin_rubble_1, swamp_pool5, hangedman_swamp_wriggling
Swamp:2:  layout_basic_swamp, gammafunk_ghost_split, nicolae_swamp_treefoil,
          swamp_pool5
Orc:1:    layout_caves
Orc:2:    pubby_orc_utopia

Skill      XL: |  1  2  3  4  5  6  7  8  9 10 11 12 13 14 15 |
---------------+----------------------------------------------+-----
Maces & Flails | 3 4 5 7 8 9 10 12 13 14 15 16 | 16.0
Dodging        | 1 2 3 4 5 6 7 8 9 10 11 13 14 15 | 15.1
Fighting       | 4 5 7 8 10 11 13 14 15 | 15.5
Armour         | 4 5 7 8 10 11 13 14 15 | 15.6
Shields        | 4 5 7 8 10 11 13 14 15 | 15.6
Evocations     | |  0.7

Action                   |  1- 3 |  4- 6 |  7- 9 | 10-12 | 13-15 || total
-------------------------+-------+-------+-------+-------+-------++-------
Melee: Flail             |    93 |   131 |   380 |   454 |       ||  1058
       Headbutt          |     8 |    21 |    69 |   198 |   398 ||   694
       Morningstar       |       |       |       |   389 |  1446 ||  1835
Invok: Potion Petition   |       |       |       |       |     2 ||     2
Evoke: Wand              |       |       |       |       |     4 ||     4
  Use: Scroll            |     5 |     3 |     7 |     7 |     8 ||    30
       Potion            |     4 |     3 |     8 |     1 |    10 ||    26
 Stab: Distracted        |       |       |     1 |     4 |    10 ||    15
       Invisible         |       |       |       |       |     5 ||     5
       Petrified         |       |       |       |       |     1 ||     1
Armor: Scale mail        |    35 |    40 |   180 |   313 |   131 ||   699
       Troll leather arm |       |     2 |       |       |       ||     2
       Plate armour      |       |       |       |       |   287 ||   287
       Swamp dragon scal |       |       |       |       |    76 ||    76
       Chain mail        |       |       |       |       |     7 ||     7
Dodge: Dodged            |    59 |    78 |   254 |   531 |   802 ||  1724
Block: Buckler           |    27 |    35 |   124 |   300 |   490 ||   976
